 Dungeon Crawl Stone Soup version 0.26-a0-962-g9b92081034 (webtiles) character file.

Game seed: 2438341508382915475

44 Dracia the Shield-Bearer (level 3, -1/29 HPs)
             Began as a Demonspawn Fighter on Dec 2, 2020.
             Slain by Sigmund
             ... wielding a cursed -2 scythe
              (7 damage)
             ... on level 2 of the Dungeon.
             The game lasted 00:02:11 (1032 turns).

Dracia the Shield-Bearer (Demonspawn Fighter)       Turns: 1032, Time: 00:02:11

Health: -1/29      AC:  6    Str: 16    XL:     3   Next: 39%
Magic:  1/1        EV:  6    Int: 10    God:
Gold:   73         SH:  9    Dex: 12    Spells: 2/2 levels left

rFire    + . .     SeeInvis .   j - +0 spear (antimagic)
rCold    + . .     Faith    .   c - +0 kite shield
rNeg     . . .     Spirit   .   b - +0 scale mail
rPois    .         Reflect  .   (no helmet)
rElec    .         Harm     .   (no cloak)
rCorr    .         Rampage  .   (no gloves)
MR       .....                  (no boots)
Stlth    ..........             h - amulet of the acrobat
HPRegen  0.09/turn              k - ring of protection from fire
MPRegen  0.07/turn              (no ring)

@: mighty
A: talons 1, cold resistance 1
a: no special abilities


You were on level 2 of the Dungeon.
You visited 1 branch of the dungeon, and saw 2 of its levels.

You collected 73 gold pieces.


Innate Abilities, Weirdness & Mutations

You have sharp toenails.
Your flesh is cold resistant. (rC+)


   Skills:
 - Level 3.0 Fighting
 + Level 2.8 Polearms
 - Level 2.6 Armour
 + Level 3.4 Shields


You had 2 spell levels left.
You didn't know any spells.
Your spell library was empty.

Inventory:

Hand Weapons
 a - a +0 trident
 j - a +0 antimagic spear (weapon)
Armour
 b - a +0 scale mail (worn)
 c - a +0 kite shield (worn)
Jewellery
 h - an amulet of the acrobat (around neck)
 k - a ring of protection from fire (left hand)
Scrolls
 e - 3 scrolls of identify {unknown}
 f - a scroll of teleportation {unknown}
 g - a scroll of immolation {unknown}
 i - a scroll of fog {unknown}
Potions
 d - a potion of might

Dungeon Overview and Level Annotations

Branches:
Dungeon (2/15)

Altars:

Annotations:
D:2 Sigmund

# #####
..##.####<..#
............#
.#####.#...#
#.##.## #.#
.# #@# .# #{#
.# #w# .# ..#
.## .. #. ..


You could see a worm.


Message History

A puff of flame appears from out of thin air!
The puff of flame misses you.
You hit something.
You hear some strange, mumbled words.
A puff of flame appears from out of thin air!
The puff of flame hits you. You resist.
You miss something. Something hits you.
You closely miss something. You miss something. You claw something.
You hear some strange, mumbled words.
A magic dart appears from out of thin air!
The magic dart hits you.
You closely miss something. Something hits you.
* * * LOW HITPOINT WARNING * * *
You closely miss something. Something hits you.
* * * LOW HITPOINT WARNING * * *
Unknown command.
You hit something but do no damage. Something hits you.
* * * LOW HITPOINT WARNING * * *
You feel very mighty all of a sudden.
You closely miss something. You claw something. You block something's attack.
You miss something.
You hear some strange, mumbled words.
A puff of flame appears from out of thin air!
The puff of flame hits you. You resist.
* * * LOW HITPOINT WARNING * * *
You closely miss something. You miss something.
Something hits you but does no damage.
You barely miss something. Something hits you!
You die...

Skill      XL: |  1 |
---------------+----+-----
Polearms       | 2 |  2.8
Shields        | 3 |  3.4
Fighting       | |  3.0
Armour         | |  2.6

Action                   || total
-------------------------++-------
Melee: Trident           ||    63
       Spear             ||    56
       Kick              ||    10
  Use: Potion            ||     1
Armor: Scale mail        ||    34
Dodge: Dodged            ||    23
Block: Kite shield       ||    51

Levels and vault maps discovered:
D:1:      scummos_arrival_simple_crosswalls, layout_rooms, skrybe_limestone_x,
          minmay_indecisive_spiral
D:2:      layout_loops_ring, uniq_sigmund

Notes
Turn   | Place    | Note
-------+----------+-------------------------------------------
     0 | D:1      | Dracia the Demonspawn Fighter began the quest for the Orb.
     0 | D:1      | Reached XP level 1. HP: 18/18 MP: 1/1
    75 | D:1      | Reached skill level 2 in Polearms
   100 | D:1      | Reached skill level 3 in Shields
   102 | D:1      | Gained mutation: Your flesh is cold resistant. (rC+)
                  | [demonic ancestry]
   102 | D:1      | Reached XP level 2. HP: 13/24 MP: 2/2
   482 | D:1      | Gained mutation: You have sharp toenails. [demonic
                  | ancestry]
   482 | D:1      | Reached XP level 3. HP: 8/29 MP: 1/3
  1005 | D:2      | Noticed Sigmund
  1032 | D:2      | Slain by Sigmund

Vanquished Creatures
  A gnoll (D:1)
  An ooze (D:1)
  A giant cockroach (D:1)
  6 goblins (D:1)
  2 hobgoblins (D:1)
  3 bats (D:1)
  4 frilled lizards (D:1)
  8 kobolds (D:1)
  5 rats (D:1)
31 creatures vanquished.

Table legend: (Time is in decaauts)
 A = Elapsed time spent in this place.
 B = Non-inter-level travel time spent in this place.
 C = Inter-level travel time spent in this place.
 D = Time resting spent in this place.
 E = Time spent auto-exploring this place.
 F = Levels seen in this place.
 G = Mean time per level.
                   A        B        C        D        E       F      G
               +--------+--------+--------+--------+--------+-----+--------+
         Total |   1051 |   1010 |     41 |    224 |    574 |   2 |  525.5 |
       Dungeon |   1051 |   1010 |     41 |    224 |    574 |   2 |  525.5 |
               +--------+--------+--------+--------+--------+-----+--------+

Top non-repeatable levels by time:
     D:1: 1022 daAuts
     D:2: 28 daAuts

Table legend:
 A = Non-vault XP
 B = Vault XP
 C = Vault XP percentage of total XP
 D = Non-vault monster count
 E = Vault monster count
 F = Vault count percentage of total count
                 A         B        C        D         E       F
            +---------+---------+-------+---------+---------+-------
      Total |      57 |       6 |   9.5 |      27 |       4 |  12.9
            +---------+---------+-------+---------+---------+-------
        D:1 |      57 |       6 |   9.5 |      27 |       4 |  12.9
            +---------+---------+-------+---------+---------+-------
